 Dungeon Crawl Stone Soup version 0.23.2-1-ga50397a6bc (webtiles) character file.

Game seed: 17562417938203021692

1575 2BsUSBport the Cleaver (level 8, -2/70 HPs)
             Began as a Minotaur Fighter on May 23, 2019.
             Was an Initiate of Trog.
             Slain by a kobold
             ... wielding a +0 short sword
              (3 damage)
             ... on level 7 of the Dungeon on May 29, 2019.
             The game lasted 00:27:34 (6081 turns).

2BsUSBport the Cleaver (Minotaur Fighter)           Turns: 6081, Time: 00:27:35

Health: -2/70      AC:  9    Str: 24    XL:     8   Next: 60%
Magic:  7/7        EV:  8    Int:  5    God:    Trog [......]
Gold:   233        SH:  9    Dex:  9    Spells: 7/7 levels left

rFire    . . .     SeeInvis .   a - +3 war axe
rCold    + . .     Gourm    .   c - +0 shield
rNeg     . . .     Faith    .   l - +2 ring mail {rC+}
rPois    .         Spirit   .   (helmet unavailable)
rElec    .         Reflect  .   (no cloak)
rCorr    .         Harm     .   e - +0 pair of gloves
MR       +....                  (no boots)
Stlth    ..........             (no amulet)
HPRegen  0.21/turn              (no ring)
MPRegen  0.10/turn              (no ring)

@: about to teleport, marked, flying (expiring), very heavily drained
A: retaliatory headbutt, horns 3, magic resistance 1, shaggy fur 1, MP-powered
wands
a: Renounce Religion


You were on level 7 of the Dungeon.
You worshipped Trog.
Trog was noncommittal.
You were not hungry.

You visited 2 branches of the dungeon, and saw 9 of its levels.

You collected 415 gold pieces.
You spent 182 gold pieces at shops.

Inventory:

Hand Weapons
 a - a +3 war axe (weapon)
Armour
 c - a +0 shield (worn)
 e - a +0 pair of gloves (worn)
 l - a +2 ring mail of cold resistance (worn)
Jewellery
 b - an uncursed ring of wizardry {unknown}
 o - an uncursed ring of fire
Wands
 h - a wand of iceblast (14)
 u - a wand of digging (4)
Scrolls
 g - 3 scrolls of remove curse
 k - 3 scrolls of magic mapping
 m - 5 scrolls of identify
Potions
 i - a potion of lignification
Comestibles
 f - 12 rations


   Skills:
 + Level 6.2(3.0) Fighting
 + Level 8.8(5.4) Axes
 + Level 6.3(3.1) Armour
 + Level 3.2(0.3) Dodging
 + Level 1.1(0.0) Stealth
 + Level 6.2(3.0) Shields
 + Level 0.2(0.0) Evocations


You had 7 spell levels left.
You didn't know any spells.
Your spell library was empty.

Dungeon Overview and Level Annotations

Branches:
Dungeon (8/15)             Temple (1/1) D:6
   Lair: D:8-11

Altars:
Ashenzari
Dithmenos
Fedhas
Gozag
Nemelex Xobeh
Okawaru
Qazlal
Ru
Sif Muna
Trog
Uskayaw
Vehumet
Xom
Yredelemnul
Zin
The Shining One

Shops:
D:4 *


Innate Abilities, Weirdness & Mutations

You reflexively headbutt those who attack you in melee.
You have a pair of large horns on your head.
You are resistant to hostile enchantments. (MR+)
You are covered in fur. (AC +1)
You expend magic power (3 MP) to strengthen your wands.


Message History

The centaur unwields a +0 shortbow of velocity.
The centaur hits you.
* * * LOW HITPOINT WARNING * * *
You block the centaur's attack.
There is a stone staircase leading down here.
Things that are here:
a stone; a scroll of identify Unknown command.
As you read the scroll labeled HOBAIT DIGACWA, it crumbles to dust.
You feel strangely unstable.
It was a scroll of teleportation.
The centaur zaps a wand.
You resist with almost no effort.
The centaur wields a +0 shortbow of velocity.
The centaur shoots an arrow.
You block the arrow.
You see here an arrow.
You closely miss the kobold.
The centaur zaps a wand.
You resist with almost no effort.
The now-empty wand crumbles to dust.
The centaur shoots an arrow.
The arrow hits you.
* * * LOW HITPOINT WARNING * * *
x2 The kobold hits you with a +0 short sword.
You die...

#§§§§§. #Y§§###
##### #5#####
...# #.# #..
####c#### #.#
#.# ........#
#.# #.# #
#.##.####.# #<.
#.####K..#...5[#
#.#
#K@>cKK#.######
#.# #.####K##.#
#.. # #.##.# #..
..##.# ###
#.###.# #. #.#
#. #.# #.


You could see a big kobold, a centaur and 4 kobolds.

Vanquished Creatures
  Menkaure (D:4)
  An ice beast (D:3)
  A sky beast (D:7)
  A centaur (D:5)
  3 wights (D:7)
  3 crimson imps
  A jelly (D:4)
  2 orc priests
  A gnoll shaman (D:4)
  5 hounds
  An orc wizard (D:6)
  6 iguanas
  Terence (D:3)
  4 worker ants
  A hound skeleton (D:5)
  Robin (D:2)
  7 adders
  14 gnolls
  A shadow imp (D:5)
  An ooze (D:7)
  An adder skeleton (D:7)
  5 worms
  2 dart slugs (D:3)
  3 leopard geckos
  23 orcs
  2 ball pythons
  3 giant cockroaches
  25 goblins
  11 hobgoblins
  4 jackals (D:1)
  4 kobolds
  4 quokkas
  2 bats
  15 frilled lizards
  A jackal zombie (D:6)
  2 leopard gecko zombies
  A quokka zombie (D:7)
  7 rats
171 creatures vanquished.

Notes
Turn   | Place    | Note
-------+----------+-------------------------------------------
     0 | D:1      | 2BsUSBport the Minotaur Fighter began the quest for the
                  | Orb.
     0 | D:1      | Reached XP level 1. HP: 19/19 MP: 0/0
   130 | D:1      | Reached XP level 2. HP: 21/27 MP: 1/1
   335 | D:1      | Reached skill level 3 in Axes
   630 | D:2      | Reached XP level 3. HP: 33/33 MP: 2/2
  1030 | D:2      | Reached XP level 4. HP: 39/40 MP: 3/3
  1116 | D:2      | Noticed Robin
  1123 | D:2      | Killed Robin
  1124 | D:2      | Reached skill level 4 in Axes
  1402 | D:3      | Noticed Terence
  1415 | D:3      | Killed Terence
  1415 | D:3      | Reached skill level 1 in Dodging
  1520 | D:3      | Reached XP level 5. HP: 44/47 MP: 4/4
  2034 | D:3      | Reached skill level 5 in Axes
  2186 | D:3      | Noticed an ice beast
  2193 | D:3      | Killed an ice beast
  2193 | D:3      | Reached XP level 6. HP: 40/53 MP: 5/5
  2303 | D:3      | Gained mutation: You are partially covered in icy blue
                  | scales. (AC +2) [potion of mutation]
  2303 | D:3      | Gained mutation: You are covered in fur. (AC +1) [potion of
                  | mutation]
  2303 | D:3      | Gained mutation: Your body sometimes deteriorates upon
                  | taking damage. [potion of mutation]
  2303 | D:3      | Gained mutation: You are partially covered in molten
                  | scales. (AC +2) [potion of mutation]
  2445 | D:3      | Lost mutation: You are partially covered in molten scales.
                  | (AC +2) [potion of mutation]
  2445 | D:3      | Lost mutation: Your body sometimes deteriorates upon taking
                  | damage. [potion of mutation]
  2445 | D:3      | Lost mutation: You are partially covered in icy blue
                  | scales. (AC +2) [potion of mutation]
  2445 | D:3      | Gained mutation: You are resistant to hostile enchantments.
                  | (MR+) [potion of mutation]
  2445 | D:3      | Gained mutation: You expend magic power (3 MP) to
                  | strengthen your wands. [potion of mutation]
  2445 | D:3      | Gained mutation: You have a pair of large horns on your
                  | head. [potion of mutation]
  2657 | D:3      | Found a faded altar of an unknown god.
  3140 | D:4      | Found Fuafefechu's Assorted Antiques.
  3187 | D:4      | Reached skill level 6 in Axes
  3265 | D:4      | Reached skill level 5 in Fighting
  3265 | D:4      | Reached skill level 5 in Shields
  3265 | D:4      | Reached XP level 7. HP: 35/61 MP: 6/6
  3461 | D:4      | Noticed Menkaure
  3475 | D:4      | Killed Menkaure
  3475 | D:4      | Reached skill level 5 in Armour
  3804 | D:4      | Bought a shiny ring mail for 182 gold pieces
  3927 | D:4      | Reached skill level 7 in Axes
  4123 | D:5      | Entered Level 5 of the Dungeon
  4359 | D:5      | Reached XP level 8. HP: 52/70 MP: 7/7
  4992 | D:6      | Reached skill level 1 in Stealth
  5007 | D:6      | Found a shimmering altar of Xom.
  5027 | D:6      | Reached skill level 8 in Axes
  5268 | D:6      | Found a staircase to the Ecumenical Temple.
  5283 | Temple   | Entered the Ecumenical Temple
  5574 | Temple   | Became a worshipper of Trog the Wrathful
  6033 | D:7      | Paralysed by a centaur for 6 turns
  6070 | D:7      | Paralysed by a centaur for 3 turns
  6075 | D:8      | Noticed a two-headed ogre
  6078 | D:7      | HP: 2/70 [centaur (6)]
  6081 | D:7      | Slain by a kobold

Skill      XL: |  1  2  3  4  5  6  7  8 |
---------------+-------------------------+-----
Fighting       | 4 5 6 |  6.2
Axes           | 3 4 5 6 7 8 |  8.8
Armour         | 4 5 6 |  6.3
Shields        | 4 5 6 |  6.2
Dodging        | 1 2 3 |  3.2
Stealth        | 1 |  1.1
Evocations     | |  0.2

Action                   |  1- 3 |  4- 6 |  7- 9 || total
-------------------------+-------+-------+-------++-------
Melee: War axe           |    86 |   143 |   140 ||   369
       Headbutt          |     8 |    18 |    24 ||    50
Evoke: Wand              |       |       |     3 ||     3
  Use: Scroll            |     3 |     7 |     8 ||    18
       Potion            |       |     7 |     7 ||    14
  Eat: Ration            |       |     3 |     2 ||     5
       Chunk             |       |       |     2 ||     2
Armor: Scale mail        |    36 |    49 |     2 ||    87
       Ring mail         |       |       |    55 ||    55
Dodge: Dodged            |    27 |    49 |    42 ||   118
Block: Shield            |    41 |    77 |    75 ||   193
